 Dungeon Crawl Stone Soup version 0.29-a0-817-g9904bce7a6 (webtiles) character file.

Game seed: 8848326836279562860

87 gobodom the Covered (level 4, 0/29 HPs)
             Began as a Gargoyle Fighter on July 5, 2022.
             Was a Follower of Cheibriados.
             Slain by Crazy Yiuf
             ... wielding a +4 quarterstaff of chaos
              (11 damage)
             ... on level 2 of the Dungeon.
             The game lasted 00:05:28 (1964 turns).

gobodom the Covered (Gargoyle Fighter)              Turns: 1964, Time: 00:05:28

Health: 0/29       AC: 23    Str: 23    XL:     4   Next: 51%
Magic:  4/4        EV:  7    Int: 11    God:    Cheibriados [*.....]
Gold:   69         SH:  5    Dex: 14    Spells: 3/3 levels left

rFire   . . .      SeeInvis .   a - +0 flail
rCold   . . .      Faith    .   c - +0 buckler
rNeg    + . .      Spirit   .   q - +4 chain mail
rPois   ∞          Reflect  .   (no helmet)
rElec   +          Harm     .   p - +0 cloak
rCorr   +          Rampage  .   m - +0 pair of gloves
Will    .....                   (no boots)
Stlth   ..........              g - amulet of the acrobat
HPRegen 0.09/turn               i - ring of resist corrosion
MPRegen 0.09/turn               n - +4 ring of protection

@: very slow
A: sickness immunity, AC +3, negative energy resistance 1, electricity
resistance, torment resistance 1, petrification resistance
a: Renounce Religion, Bend Time


You were on level 2 of the Dungeon.
You worshipped Cheibriados.
Cheibriados was aware of your devotion.
You visited 1 branch of the dungeon, and saw 2 of its levels.

You collected 69 gold pieces.

Inventory:

Hand Weapons
 a - a +0 flail (weapon)
Missiles
 o - 3 poisoned darts (quivered)
Armour
 c - a +0 buckler (worn)
 m - a +0 pair of gloves (worn)
 p - a +0 cloak (worn)
 q - a +4 chain mail (worn)
Jewellery
 g - an amulet of the acrobat (around neck)
 i - a ring of resist corrosion (left hand)
 j - an amulet of faith
 n - a +4 ring of protection (right hand)
Wands
 b - a wand of iceblast (8)
Scrolls
 e - a scroll of identify
 f - a scroll of enchant weapon
Potions
 d - 2 potions of might
 h - a potion of attraction
 k - a potion of heal wounds


   Skills:
 + Level 3.8 Fighting
 + Level 3.1 Maces & Flails
 + Level 4.1 Armour
 + Level 0.4 Dodging
 + Level 3.5 Shields


You had 3 spell levels left.
You didn't know any spells.
Your spell library contained the following spells:

 Spells                   Type           Power      Damage    Failure   Level
 Gell's Gravitas          Tloc           0%         N/A       100%        3
 Lesser Beckoning         Tloc           0%         N/A       100%        3
 Teleport Other           Tloc           0%         N/A       100%        3


Dungeon Overview and Level Annotations

Branches:
Dungeon (2/15)

Altars:
Cheibriados

Annotations:
D:2 Crazy Yiuf


Innate Abilities, Weirdness & Mutations

You are immune to sickness and miasma.
Your stone body is resilient. (AC +3)
You are immune to poison.
You resist negative energy. (rN+)
You are resistant to electric shocks. (rElec)
You are resistant to unholy torment.
You are immune to petrification.


Message History

The giant cockroach bites you but does no damage.
You sock the giant cockroach!
You kill the giant cockroach!
Cheibriados thoroughly appreciates the change of pace.
Found a stone staircase leading down.
Items here: ( ) ††.
You see here a +0 dagger.
Items here: ( ) ††.
A goblin comes into view. It is wielding a +0 club.
Found 2 stones.
The goblin shouts!
You block the goblin's attack. The goblin closely misses you.
You closely miss the goblin. The goblin hits you but does no damage.
You closely miss the goblin. The goblin hits you but does no damage.
You hit the goblin.
You kill the goblin!
Cheibriados appreciates the change of pace.
Found 11 gold pieces.
Things that are here:
a +0 club; 2 stones; a goblin corpse You now have 58 gold pieces (gained 10).
You now have 69 gold pieces (gained 11).
You open the door.
b - a wand of iceblast (8)
There is a stone staircase leading up here.
You open the door. You barely miss Crazy Yiuf.
Crazy Yiuf hits you with a +4 quarterstaff of chaos!
Crazy Yiuf freezes you.
Crazy Yiuf hits you with a +4 quarterstaff of chaos.
You thump Crazy Yiuf!
Crazy Yiuf is moderately wounded.
Crazy Yiuf hits you but does no damage.
You closely miss Crazy Yiuf.
Crazy Yiuf is moderately wounded.
Crazy Yiuf hits you but does no damage.
You hit Crazy Yiuf.
Crazy Yiuf is heavily wounded.
Crazy Yiuf hits you with a +4 quarterstaff of chaos!
You die...

#########.#.##.#.#
...........#######
####.......#
#######..### #####
...........# #)..#
####.##...## #...#
####.##...## ...
.....##....# #g#
####.##...## ♣@♣♣
####.##...## ♣♣.♣
...........# ♣.♣♣
####.##...## ♣♣.♣
#.##...# ♣♣.♣♣
#.##...# ♣♣.P.♣
#......# ♣.P.P♣
#.##...## #....#
#.##....#
#....####


You could see Crazy Yiuf.

Vanquished Creatures
  Terence (D:2)
  An adder (D:2)
  3 dart slugs (D:1)
  3 bats
  An endoplasm (D:1)
  4 giant cockroaches
  4 hobgoblins
  6 jackals
  2 kobolds (D:2)
  2 quokkas
  3 ball pythons
  6 goblins
  4 rats
40 creatures vanquished.

Notes
Turn   | Place    | Note
-------+----------+-------------------------------------------
     0 | D:1      | gobodom the Gargoyle Fighter began the quest for the Orb.
     0 | D:1      | Reached XP level 1. HP: 14/14 MP: 1/1
   153 | D:1      | Reached XP level 2. HP: 15/19 MP: 2/2
   727 | D:1      | Reached XP level 3. HP: 23/23 MP: 3/3
   747 | D:1      | Found a faded altar of an unknown god.
   750 | D:1      | Prayed at the altar of an unknown god.
   750 | D:1      | Became a worshipper of Cheibriados the Contemplative
   750 | D:1      | Reached * piety under Cheibriados
   926 | D:2      | Noticed Terence
   938 | D:2      | Killed Terence
   939 | D:2      | Reached skill level 4 in Armour
   939 | D:2      | Reached XP level 4. HP: 10/29 MP: 4/4
  1550 | D:2      | Found a runed translucent door.
  1551 | D:2      | Noticed Crazy Yiuf
  1964 | D:2      | Slain by Crazy Yiuf

Illustrated notes

Levels and vault maps discovered:
D:1:      roderic_dead_forest, layout_loops_ring,
          hellmonk_ecumenical_altar_defaced_shrine, minmay_misc_feat_five
D:2:      layout_basic, nicolae_titane, uniq_crazy_yiuf_cottage, uniq_terence

Skill      XL: |  1  2  3  4 |
---------------+-------------+-----
Armour         | 4 |  4.1
Maces & Flails | 3 |  3.1
Fighting       | |  3.8
Dodging        | |  0.4
Shields        | |  3.5

Action                   |  1- 3 |  4- 6 || total
-------------------------+-------+-------++-------
Melee: Flail             |    72 |    38 ||   110
  Use: Scroll            |       |     3 ||     3
Armor: Scale mail        |    48 |       ||    48
       Chain mail        |       |    20 ||    20
Dodge: Dodged            |    44 |    24 ||    68
Block: Buckler           |    18 |    13 ||    31

Table legend: (Time is in decaauts)
 A = Elapsed time spent in this place.
 B = Non-inter-level travel time spent in this place.
 C = Inter-level travel time spent in this place.
 D = Time resting spent in this place.
 E = Time spent auto-exploring this place.
 F = Levels seen in this place.
 G = Mean time per level.
                   A        B        C        D        E       F      G
               +--------+--------+--------+--------+--------+-----+--------+
         Total |   2373 |   2334 |     39 |      0 |   1894 |   2 | 1186.5 |
       Dungeon |   2373 |   2334 |     39 |      0 |   1894 |   2 | 1186.5 |
               +--------+--------+--------+--------+--------+-----+--------+

Top non-repeatable levels by time:
     D:2: 1516 daAuts
     D:1: 856 daAuts
